 Dungeon Crawl Stone Soup version 0.23-a0-419-g0174fd80c1 (webtiles) character file.

232028 Notair the Warrior (level 18, -8/180 HPs)
             Began as a Minotaur Gladiator on Nov 13, 2018.
             Was the Champion of Okawaru.
             Killed from afar by a deep elf annihilator (42 damage)
             ... with a crystal spear
             ... on level 3 of the Elven Halls.
             The game lasted 02:28:14 (49198 turns).

Notair the Warrior (Minotaur Gladiator)            Turns: 49198, Time: 02:28:15

Health: -8/180     AC: 27    Str: 25    XL:     18   Next: 81%
Magic:  0/23       EV: 32    Int: 13    God:    Okawaru [******]
Gold:   2975       SH:  0    Dex: 11    Spells: 17/17 levels left

rFire    . . .     SeeInvis .   Z - +6 glaive of Symmetry {chop, +Rage Dex+2}
rCold    + . .     Gourm    .   (shield currently unavailable)
rNeg     . . .     Faith    .   z - +0 plate armour {MR+}
rPois    .         Spirit   +   d - +2 hat {MR+}
rElec    .         Reflect  .   X - scarf {Spirit}
rCorr    .         Harm     .   p - +0 pair of gloves
MR       +++..                  W - +0 pair of boots
Stlth    ..........             A - amulet of Hiluk {Acrobat Str+4 Int+2 Dex-3}
HPRegen  0.40/turn              t - ring of protection from cold
MPRegen  0.18/turn              y - +2 ring of slaying

@: heroism, very slightly contaminated
A: retaliatory headbutt, horns 2
}: 1/15 runes: gossamer
a: Heroism, Finesse, Renounce Religion, Evoke Berserk Rage


You were on level 3 of the Elven Halls.
You worshipped Okawaru.
Okawaru was exalted by your worship.
You were hungry.

You visited 6 branches of the dungeon, and saw 31 of its levels.
You also visited: Ice Cave.

You collected 3157 gold pieces.
You spent 182 gold pieces at shops.

Inventory:

Hand Weapons
 j - a +3 blowgun
 k - a +3 arbalest of freezing
 v - the +11 halberd "Lyutocva" {pain, rElec Dex+3 Stlth+}
   (Okawaru gifted it to you on level 11 of the Dungeon)

   In the hands of one skilled in necromantic magic, it inflicts extra damage on
   living creatures.
   It affects your dexterity (+3).
   It insulates you from electricity.
   It makes you more stealthy.
 Z - the +6 glaive of Symmetry (weapon) {chop, +Rage Dex+2}
   (You found it in an ice cave)

   It inflicts extra damage upon your enemies.
   It affects your dexterity (+2).
   It lets you go berserk.
Missiles
 r - 100 poisoned needles
 B - 183 bolts
Armour
 d - a +2 hat of magic resistance (worn)
 p - a +0 pair of gloves (worn)
 z - a +0 plate armour of magic resistance (worn)
 W - a +0 pair of boots (worn)
 X - a scarf of spirit shield (worn)
Jewellery
 t - a ring of protection from cold (left hand)
 w - the ring of Zeshom {rCorr +Fly Int+2}
   (You found it on level 4 of the Dungeon)

   [ring of resist corrosion]

   It affects your intelligence (+2).
   It lets you fly.
 y - a +2 ring of slaying (right hand)
 A - the amulet of Hiluk (around neck) {Acrobat Str+4 Int+2 Dex-3}
   (You found it on level 11 of the Dungeon)

   [amulet of the acrobat]

   It helps you evade while moving and waiting.
   It affects your strength (+4).
   It affects your intelligence (+2).
   It affects your dexterity (-3).
 L - an uncursed ring of fire
Wands
 l - a wand of scattershot (10)
 H - a wand of paralysis (19)
 I - a wand of clouds (10)
 N - a wand of flame (12)
 O - a wand of acid (17)
 Q - a wand of digging (7)
 V - a wand of iceblast (36)
Scrolls
 b - 9 scrolls of enchant weapon
 c - 2 scrolls of brand weapon
 e - 7 scrolls of magic mapping
 g - 3 scrolls of immolation
 h - 2 scrolls of enchant armour
 m - 19 scrolls of teleportation
 n - 9 scrolls of remove curse
 o - a scroll of silence
 s - 3 scrolls of vulnerability
 C - 4 scrolls of fear
 E - 3 scrolls of fog
 J - 12 scrolls of identify
 Y - 5 scrolls of blinking
Potions
 a - a potion of heal wounds
 i - 7 potions of lignification
 q - 7 potions of might
 u - 4 potions of berserk rage
 x - 6 potions of curing
 F - 3 potions of resistance
 G - 5 potions of haste
 M - 7 potions of mutation
 P - 4 potions of agility
 T - 10 potions of flight
 U - 2 potions of invisibility
Miscellaneous
 D - a fan of gales
 K - a lightning rod (4/4)
 R - a lamp of fire
 S - 2 boxes of beasts
Comestibles
 f - 37 rations


   Skills:
 + Level 20.4(25.4) Fighting
 + Level 20.2(25.2) Polearms
 - Level 2.0(7.0) Throwing
 + Level 20.3(25.3) Armour
 + Level 14.2(19.2) Dodging
 - Level 8.1 Invocations


You had 17 spell levels left.
You didn't know any spells.
Your spell library contained the following spells:

 Spells                   Type           Power        Failure   Level  Hunger
 Beastly Appendage        Tmut           #.....       75%         1    ##.....
 Confusing Touch          Hex            #.....       75%         1    ##.....
 Corona                   Hex            #......      75%         1    ##.....
 Flame Tongue             Conj/Fire      #....        75%         1    ##.....
 Freeze                   Ice            #...         75%         1    ##.....
 Magic Dart               Conj           #...         75%         1    ##.....
 Ensorcelled Hibernation  Hex/Ice        #.....       86%         2    ###....
 Passwall                 Tmut/Erth      #.......     86%         2    ###....
 Poisonous Vapours        Pois/Air       #.....       86%         2    ###....
 Sticks to Snakes         Tmut           #.......     86%         2    ###....
 Throw Flame              Conj/Fire      #.....       86%         2    ###....
 Throw Frost              Conj/Ice       #.....       86%         2    ###....
 Confuse                  Hex            #.......     98%         3    ####...
 Conjure Flame            Conj/Fire      #.......     98%         3    ####...
 Dazzling Spray           Conj/Hex       #.....       98%         3    ####...
 Gell's Gravitas          Tloc           #.........   98%         3    ####...
 Inner Flame              Hex/Fire       #.......     98%         3    ####...
 Mephitic Cloud           Conj/Pois/Air  #.......     98%         3    ####...
 Ozocubu's Armour         Chrm/Ice       #.......     98%         3    ####...
 Recall                   Summ/Tloc      N/A          98%         3    ####...
 Spider Form              Tmut/Pois      #.........   98%         3    ####...
 Tukima's Dance           Hex            #.......     98%         3    ####...
 Force Lance              Conj/Tloc      #.......     100%        4    #####..
 Ice Form                 Ice/Tmut       #.......     100%        4    #####..
 Petrify                  Tmut/Erth      #.......     100%        4    #####..
 Sticky Flame             Conj/Fire      #.......     100%        4    #####..
 Summon Ice Beast         Ice/Summ       #.......     100%        4    #####..
 Summon Lightning Spire   Summ/Air       #.......     100%        4    #####..
 Throw Icicle             Conj/Ice       #.......     100%        4    #####..
 Alistair's Intoxication  Tmut/Pois      #.......     100%        5    ######.
 Aura of Abjuration       Summ           #.........   100%        5    ######.
 Bolt of Magma            Conj/Fire/Erth #.........   100%        5    ######.
 Fireball                 Conj/Fire      #.........   100%        5    ######.
 Iskenderun's Battlesphe  Conj/Chrm      #.......     100%        5    ######.
 Metabolic Englaciation   Hex/Ice        #.........   100%        5    ######.
 Silence                  Hex/Air        #.........   100%        5    ######.
 Summon Demon             Summ           #.........   100%        5    ######.
 Summon Forest            Summ/Tloc      #.........   100%        5    ######.
 Summon Mana Viper        Hex/Summ       #.......     100%        5    ######.
 Venom Bolt               Conj/Pois      #.........   100%        5    ######.
 Yara's Violent Unravell  Hex/Tmut       #.........   100%        5    ######.
 Conjure Ball Lightning   Conj/Air       #.........   100%        6    #######
 Deflect Missiles         Chrm/Air       #.........   100%        6    #######
 Freezing Cloud           Conj/Ice/Air   #.........   100%        6    #######
 Iron Shot                Conj/Erth      #.........   100%        6    #######
 Shadow Creatures         Summ           N/A          100%        6    #######
 Statue Form              Tmut/Erth      #........    100%        6    #######
 Orb of Destruction       Conj           #.........   100%        7    #######
 Ring of Flames           Chrm/Fire      #.........   100%        7    #######
 Spellforged Servitor     Conj/Summ      #.........   100%        7    #######
 Tornado                  Air            #.........   100%        9    #######


Dungeon Overview and Level Annotations

Branches:
Dungeon (15/15)            Temple (1/1) D:6            Lair (6/6) D:9
 Shoals (0/4) Lair:2       Spider (4/4) Lair:4        Slime (0/5) Lair:5
    Orc (2/2) D:11            Elf (3/3) Orc:2        Vaults (0/5) D:13
 Depths (0/5) D:15

Altars:
Makhleb
Okawaru
Ru
Uskayaw
Xom
Zin
The Shining One
Beogh
Jiyva

Shops:
D:10 *(   Orc:2 ::}*   Elf:3 *

Portals:
Trove: D:14 (give +8 demon blade)

Annotations:
D:9 2 transporters, domsik's ghost, journeyman DrFE
D:14 1 runed door, Notair's ghost, journeyman MiGl
Lair:5 1 runed door


Innate Abilities, Weirdness & Mutations

You reflexively headbutt those who attack you in melee.
You have a pair of horns on your head.


Message History

You closely miss the deep elf master archer.
The deep elf master archer is heavily wounded.
The deep elf master archer shoots an arrow.
The arrow hits you!!
* * * LOW HITPOINT WARNING * * *
The deep elf master archer shoots an arrow.
The arrow completely misses you.
You gain the combat prowess of a mighty hero.
The deep elf master archer shoots an arrow.
The arrow hits you.
* * * LOW HITPOINT WARNING * * *
You cut the deep elf master archer into ribbons!!!
You kill the deep elf master archer!
Okawaru accepts your kill.
You feel sick.
You are no longer poisoned.
You start resting.
The deep elf annihilator points at you and mumbles some strange words.
The crystal spear hits you!
You die...

.......................?.........
.................................
###########.########.#########.##
#.# ##.####### ##.# #.#
##.##.....## ##'
###+#####.##.......## ##
#.....##ยง##.........## #.
#.....#e##...........# #.
#.....'.@'...........###.
#.....####...........'.'. #.....#
#...........###. ##### ##'####
#...........# ## #...## #.#
##.........## # .....# #.#
##'#.......## .....# #.#
##.###.....## .....#####'#####.##
###'###
#...#'#.......#.#######'#####


You could see a deep elf annihilator.

Vanquished Creatures
  Arachne (Spider:2)
  A deep elf blademaster (Elf:2)
  A deep elf master archer (Elf:3)
  Frances (D:13)
  Roxanne (Elf:2)
  Agnes (Spider:1)
  2 orc warlords (Orc:2)
  3 ghost moths (Spider:4)
  Louise (Spider:1)
  2 deep elf sorcerers (Elf:3)
  A frost giant (IceCv)
  A juggernaut zombie (D:15)
  4 emperor scorpions (Spider:4)
  3 entropy weavers
  A stone giant (Orc:2)
  5 deep elf demonologists
  Nessos (Lair:5)
  2 spark wasps (Spider:3)
  Azrael (Elf:2)
  2 deep elf annihilators (Elf:3)
  2 deep elf death magi
  2 deep elf high priests (Elf:3)
  A rakshasa (D:14)
  The ghost of Pilesh the Cleaver, a journeyman MiFi of Okawaru (D:10)
  A fire dragon (D:15)
  8 hydras
  5 vault guards (D:13)
  Erolcha (Orc:2)
  An ice dragon (D:14)
  5 centaur warriors
  8 two-headed ogres
  23 dancing weapons
  A tengu warrior (D:13)
  2 death yaks (Lair:5)
  7 orc high priests
  16 deep elf knights
  Urug (D:10)
  A golden dragon zombie (D:15)
  2 unseen horrors
  2 wizards (D:14)
  6 deep elf archers
  3 orc knights (Orc:2)
  A phantasmal warrior (D:15)
  A necromancer (D:15)
  Pikel (D:8)
  33 wolf spiders
  7 ugly things
  21 orb spiders
  10 cyclopes
  55 deep elf magi
  6 orc sorcerers
  A manticore (D:12)
  3 elephants (Lair:5)
  An ice statue (IceCv)
  A guardian serpent (Lair:6)
  10 black mambas
  2 gargoyles
  A torpor snail (Lair:6)
  18 spiny frogs
  4 rime drakes
  6 komodo dragons
  An efreet (D:14)
  15 demonic crawlers
  A freezing wraith (D:12)
  2 guardian mummies (D:15)
  2 tengu conjurers (D:13)
  12 trolls
  38 jumping spiders
  A merfolk (shapeshifter) (D:14)
  11 hornets
  13 polar bears (IceCv)
  A hornet (shapeshifter) (Elf:3)
  9 blink frogs
  8 dream sheep
  11 hippogriffs
  An air elemental (Elf:3)
  A meliai zombie (D:12)
  A fire dragon skeleton (D:15)
  2 water elementals
  A deep troll skeleton (D:15)
  A spriggan (shapeshifter) (Elf:1)
  44 tarantellas
  95 redbacks
  2 wraiths (D:11)
  4 hogs (D:8)
  A tarantella (shapeshifter) (D:15)
  A vampire (D:14)
  6 fire elementals
  A human (D:8)
  11 wyverns
  75 yaks
  3 basilisks
  A hungry ghost (D:15)
  A steam dragon (Lair:4)
  Menkaure (D:7)
  2 soldier ants
  6 wargs
  23 water moccasins
  A hell hound (Elf:2)
  5 porcupines
  42 orc warriors
  2 ice beasts
  3 slaves (D:8)
  2 phantoms
  10 sky beasts
  3 black bears
  An eye of draining (D:10)
  A necrophage (D:5)
  9 centaurs
  12 ogres
  11 wolves (IceCv)
  13 crocodiles
  3 big kobolds
  20 bullfrogs
  3 earth elementals
  2 wyvern skeletons
  4 scorpions
  21 wights
  11 killer bees
  2 howler monkeys
  6 electric eels
  A jelly (D:10)
  6 crimson imps
  A wyvern simulacrum (D:14)
  A bullfrog zombie (D:12)
  3 centaur zombies
  5 hounds
  3 bullfrog skeletons
  42 orc priests
  27 orc wizards
  4 centaur skeletons
  5 iguanas
  11 worker ants
  A hound zombie (D:5)
  A worker ant zombie (D:5)
  5 gnolls
  13 adders
  3 shadow imps
  An ooze (D:3)
  2 adder skeletons (D:4)
  An adder zombie (D:10)
  2 worms
  A dart slug (D:1)
  7 leopard geckos
  131 orcs
  2 bats
  6 giant cockroaches
  6 goblins
  4 hobgoblins (D:1)
  12 jackals
  4 quokkas
  A ball python (D:2)
  6 frilled lizards
  18 kobolds
  A leopard gecko skeleton (D:4)
  4 rats
  A butterfly (Lair:2)
1254 creatures vanquished.

Vanquished Creatures (others)
  An ugly thing (D:14)
  A slave (D:11)
  A jelly (D:11)
  A worker ant (D:11)
  29 fungi
  11 plants
44 creatures vanquished.

Grand Total: 1298 creatures vanquished

Notes
Turn   | Place    | Note
-------+----------+-------------------------------------------
     0 | D:1      | Notair the Minotaur Gladiator began the quest for the Orb.
     0 | D:1      | Reached XP level 1. HP: 18/18 MP: 0/0
   132 | D:1      | Reached XP level 2. HP: 24/25 MP: 1/1
   141 | D:1      | Reached skill level 1 in Armour
   558 | D:1      | Reached XP level 3. HP: 30/31 MP: 2/2
  1580 | D:3      | Reached skill level 5 in Polearms
  1580 | D:3      | Reached XP level 4. HP: 26/38 MP: 3/3
  1722 | D:3      | Found a faded altar of an unknown god.
  2237 | D:3      | Reached XP level 5. HP: 35/46 MP: 4/4
  3711 | D:3      | Found a faded altar of an unknown god.
  3800 | D:4      | Reached XP level 6. HP: 43/53 MP: 5/5
  4145 | D:4      | Got a scintillating amber ring
  4392 | D:4      | Reached skill level 5 in Fighting
  4392 | D:4      | Reached XP level 7. HP: 53/61 MP: 6/6
  4581 | D:5      | Entered Level 5 of the Dungeon
  4664 | D:5      | Noticed a yak
  4664 | D:5      | Noticed a yak
  4671 | D:5      | Killed a yak
  4691 | D:5      | Killed a yak
  4834 | D:5      | Reached skill level 5 in Armour
  4959 | D:5      | Reached XP level 8. HP: 65/70 MP: 7/7
  5502 | D:6      | Found an iron altar of Okawaru.
  5513 | D:6      | Became a worshipper of Warmaster Okawaru
  5592 | D:6      | Reached skill level 10 in Polearms
  5986 | D:6      | Reached * piety under Okawaru
  5986 | D:6      | Reached XP level 9. HP: 79/79 MP: 8/8
  6007 | D:6      | Found a staircase to the Ecumenical Temple.
  6017 | Temple   | Entered the Ecumenical Temple
  6254 | D:7      | Found a glowing golden altar of the Shining One.
  6266 | D:7      | Noticed Menkaure
  6281 | D:7      | Killed Menkaure
  6628 | D:7      | Reached ** piety under Okawaru
  7428 | D:8      | Noticed Pikel
  7455 | D:8      | Killed Pikel
  7667 | D:8      | Reached XP level 10. HP: 83/90 MP: 9/9
  7885 | D:8      | Reached *** piety under Okawaru
  8478 | D:9      | Found a transporter.
  8478 | D:9      | Noticed domsik's ghost (journeyman DrFE)
  8498 | D:9      | Found a transporter.
  8583 | D:9      | Identified the ring of Zeshom {rCorr +Fly Int+2} (You found
                  | it on level 4 of the Dungeon)
  8735 | D:9      | Found a staircase to the Lair.
  8800 | D:9      | Found a burning altar of Makhleb.
  8800 | D:9      | Noticed a green death
  8968 | D:10     | Entered Level 10 of the Dungeon
  9074 | D:10     | Reached **** piety under Okawaru
  9074 | D:10     | Reached skill level 10 in Fighting
  9511 | D:10     | Reached skill level 10 in Armour
  9565 | D:10     | Found Qonauref's Antique Weapon Shop.
  9732 | D:10     | Found a runed door.
  9732 | D:10     | Found a shimmering altar of Xom.
  9732 | D:10     | Noticed Pilesh's ghost (journeyman MiFi)
  9732 | D:10     | Noticed a runed hand axe
  9819 | D:10     | Found Gefyw's Assorted Antiques.
  9923 | D:10     | Noticed a green ugly thing
  9934 | D:10     | Killed a green ugly thing
  9934 | D:10     | Reached XP level 11. HP: 92/101 MP: 10/10
 10119 | D:11     | Noticed a seven-headed hydra
 10159 | D:11     | Noticed a centaur warrior
 10231 | D:11     | Reached ***** piety under Okawaru
 10259 | D:11     | Noticed a deep elf mage
 10441 | D:11     | Killed a deep elf mage
 10797 | D:11     | Noticed a centaur warrior
 10802 | D:10     | Killed an unseen horror
 10802 | D:10     | Received a gift from Okawaru
 10830 | D:11     | Killed a centaur warrior
 10830 | D:11     | Reached skill level 15 in Polearms
 11214 | D:11     | Killed a centaur warrior
 11272 | D:11     | Noticed a two-headed ogre
 11277 | D:11     | Killed a two-headed ogre
 11455 | D:11     | Noticed Urug
 11529 | D:10     | Killed Urug
 11537 | D:11     | Noticed a brown ugly thing
 11554 | D:10     | Killed a brown ugly thing
 11913 | D:11     | Killed a one-headed hydra
 12137 | D:11     | Reached XP level 12. HP: 89/112 MP: 11/11
 12357 | D:11     | Received a gift from Okawaru
 12360 | D:11     | Identified the +11 halberd "Lyutocva" {pain, rElec Dex+3
                  | Stlth+} (Okawaru gifted it to you on level 11 of the
                  | Dungeon)
 12369 | D:11     | Noticed a two-headed ogre
 12384 | D:11     | Killed a two-headed ogre
 12614 | D:11     | Got a vibrating lead amulet
 12618 | D:11     | Identified the amulet of Hiluk {Acrobat Str+4 Int+2 Dex-3}
                  | (You found it on level 11 of the Dungeon)
 12787 | D:11     | Found a staircase to the Orcish Mines.
 12858 | D:11     | Identified the Incunabulum of Contamination and Changing
 12930 | D:11     | Found a roughly hewn altar of Beogh.
 13018 | D:12     | Noticed a two-headed ogre
 13021 | D:12     | Paralysed by a hornet for 1 turns
 13029 | D:11     | Paralysed by a hornet for 1 turns
 13296 | D:11     | Killed a two-headed ogre
 13682 | D:12     | Reached skill level 1 in Invocations
 13831 | D:12     | Noticed a two-headed ogre
 13836 | D:12     | Killed a two-headed ogre
 14508 | D:13     | Noticed a tengu warrior
 14543 | D:13     | Noticed Frances
 14838 | D:13     | Reached ****** piety under Okawaru
 14845 | D:13     | Noticed a vault guard
 14911 | D:13     | Received a gift from Okawaru
 14985 | D:13     | Got a pitted bardiche {god gift}
 14986 | D:13     | Identified the +8 bardiche "Uvyett" {chop, *Slow rF+ Int+3
                  | Dex+2} (Okawaru gifted it to you on level 13 of the
                  | Dungeon)
 15257 | D:13     | Killed Frances
 15257 | D:13     | Reached XP level 13. HP: 47/123 MP: 6/15
 15610 | D:13     | Reached skill level 5 in Invocations
 15665 | D:13     | Received a gift from Okawaru
 15864 | D:13     | Found a gate to the Vaults.
 16790 | D:14     | Found a runed door.
 16790 | D:14     | Noticed Notair's ghost (journeyman MiGl)
 16823 | D:14     | Received a gift from Okawaru
 17411 | D:14     | Found a portal to a secret trove of treasure.
 17669 | D:14     | Paralysed by a wizard for 4 turns
 17685 | D:14     | Reached skill level 15 in Fighting
 17965 | D:15     | Entered Level 15 of the Dungeon
 18475 | D:15     | Reached skill level 15 in Armour
 18635 | D:15     | Reached XP level 14. HP: 34/135 MP: 2/18
 19259 | D:15     | Found a staircase to the Depths.
 19363 | D:15     | Received a gift from Okawaru
 19423 | D:15     | Found a sacrificial altar of Ru.
 20393 | D:15     | Found a glowing silver altar of Zin.
 20394 | D:15     | Noticed an angel
 20574 | Lair:1   | Entered Level 1 of the Lair of Beasts
 20812 | Lair:1   | Reached skill level 5 in Dodging
 21470 | Lair:2   | Received a gift from Okawaru
 21488 | Lair:2   | Found a frozen archway.
 21509 | IceCv    | Entered an ice cave
 21837 | IceCv    | Noticed a frost giant
 21862 | IceCv    | Killed a frost giant
 21930 | IceCv    | Got a crystal glaive
 22273 | Lair:2   | Identified the +6 glaive of Symmetry {chop, +Rage Dex+2}
                  | (You found it in an ice cave)
 22432 | Lair:2   | Identified a scroll of acquirement
 22664 | Lair:2   | Found a staircase to the Shoals.
 24572 | Lair:3   | Reached XP level 15. HP: 39/145 MP: 9/20
 25047 | Lair:4   | Found a hole to the Spider Nest.
 25381 | Lair:5   | Received a gift from Okawaru
 25416 | Lair:5   | Noticed Nessos
 26109 | Lair:5   | Killed Nessos
 26472 | Lair:5   | Found a runed door.
 26472 | Lair:5   | Found a viscous altar of Jiyva.
 26497 | Lair:5   | Noticed an azure jelly
 26498 | Lair:5   | Found a staircase to the Slime Pits.
 26499 | Lair:5   | Noticed an azure jelly
 26500 | Lair:5   | Noticed an azure jelly
 27103 | Lair:6   | Entered Level 6 of the Lair of Beasts
 28714 | Orc:1    | Entered Level 1 of the Orcish Mines
 28835 | Orc:1    | Received a gift from Okawaru
 28838 | Orc:1    | Found a roughly hewn altar of Beogh.
 29188 | Orc:2    | Entered Level 2 of the Orcish Mines
 29300 | Orc:2    | Noticed Erolcha
 29307 | Orc:2    | Killed Erolcha
 30108 | Orc:2    | Found a staircase to the Elven Halls.
 30243 | Orc:2    | Found a roughly hewn altar of Beogh.
 30243 | Orc:2    | Noticed an orc warlord
 30270 | Orc:2    | Killed an orc warlord
 30304 | Orc:2    | Found Egruz's Book Boutique.
 30311 | Orc:2    | Received a gift from Okawaru
 30355 | Orc:2    | Reached XP level 16. HP: 124/157 MP: 21/21
 30655 | Orc:2    | Found Wotrifot's Book Emporium.
 30823 | Orc:2    | Found a roughly hewn altar of Beogh.
 30869 | Orc:2    | Reached skill level 10 in Dodging
 31216 | Orc:2    | Found Gesadde's General Store.
 31227 | Orc:2    | Found Coropteudgh's Gadget Shop.
 31622 | Spider:1 | Entered Level 1 of the Spider Nest
 33104 | Spider:1 | Noticed Louise
 33128 | Spider:1 | Killed Louise
 33132 | Spider:1 | Received a gift from Okawaru
 33394 | Spider:1 | Noticed Agnes
 33403 | Spider:1 | Killed Agnes
 33549 | Spider:1 | Received a gift from Okawaru
 35040 | Spider:2 | Noticed Arachne
 35056 | Spider:2 | Killed Arachne
 37005 | Spider:3 | Reached XP level 17. HP: 97/166 MP: 16/22
 37738 | Spider:4 | Entered Level 4 of the Spider Nest
 40304 | Spider:4 | Received a gift from Okawaru
 41971 | Spider:4 | Got a gossamer rune of Zot
 42165 | Spider:4 | Received a gift from Okawaru
 42695 | D:10     | Killed Pilesh's ghost
 42872 | Elf:1    | Entered Level 1 of the Elven Halls
 44379 | Elf:2    | Received a gift from Okawaru
 44425 | Elf:2    | Reached XP level 18. HP: 150/178 MP: 20/23
 44587 | Elf:2    | Identified the +5 hand crossbow of Righteous Anger {elec,
                  | *Corrode +Blink +Inv Stlth+} (You found it on level 2 of
                  | the Elven Halls)
 44590 | Elf:2    | Identified Xideubip's Incunabulum of Supportive Battle
                  | Magic
 45273 | Elf:2    | Noticed Azrael
 45292 | Elf:2    | Killed Azrael
 45329 | Elf:2    | Found a huge runed gate.
 45329 | Elf:2    | Found a huge runed gate.
 45330 | Elf:2    | Found a huge runed gate.
 45331 | Elf:2    | Found a huge runed gate.
 45336 | Elf:2    | Found a huge runed gate.
 45413 | Elf:2    | Identified Roxanne's Compendium of Moulding
 45413 | Elf:2    | Noticed Roxanne
 45428 | Elf:2    | HP: 4/178 [Roxanne/iron shot (31)]
 45430 | Elf:2    | Killed Roxanne
 45963 | Elf:2    | Received a gift from Okawaru
 46576 | Elf:2    | Received a gift from Okawaru
 47606 | Elf:3    | Entered Level 3 of the Elven Halls
 47803 | Elf:3    | Found Ciemoh's General Store.
 47840 | Elf:3    | Bought a scroll of fear for 49 gold pieces
 47840 | Elf:3    | Bought a scroll of blinking for 105 gold pieces
 47840 | Elf:3    | Bought a scroll of identify for 28 gold pieces
 47856 | Elf:3    | Received a gift from Okawaru
 47906 | Elf:3    | Received a gift from Okawaru
 48877 | Elf:3    | Identified the ring "Ylile" {MR+ Int+2}
 49156 | Elf:3    | Noticed a Tzitzimitl
 49198 | Elf:3    | Killed from afar by a deep elf annihilator

Vault maps used:
D:1:      eino_arrival_tree_alley
D:3:      chequers_ecumenical_altar_simple, hangedman_decor_clover_reticule
D:4:      kennysheep_potato
D:5:      first_ration, hangedman_abyss_or_decor_stagger
D:6:      minmay_temple_entry_fiery, minmay_curled_crystal,
          okawaru_ov_weapons_minmay
D:7:      tso_oasis_becter, serial_co_window_serial, co_window_of_opportunity_a,
          co_window_corner_a, co_window_corner_a, co_window_corner_a,
          co_window_cross_1, co_window_paths_b, co_window_broadway_a,
          co_window_broadway_c, co_window_of_opportunity_c, co_window_corner_b,
          co_window_paths_e, glass_columns_c, uniq_menkaure
D:8:      minivault_1, grunt_livestock, chequers_serial_rivers_micro_a,
          uniq_pikel
D:9:      erik_lair_orcish_takeover, gammafunk_ghost_stat_death,
          makhleb_altar_promises_db
D:10:     ebering_ghost_xom, serial_shops, nicolae_shop_trees, shop
D:11:     minmay_the_grid_3x2, david_orc_4, david_defended_altar_orc, uniq_urug
D:13:     grunt_vaults_entry_fortified, uniq_frances
D:14:     minmay_bloctagon, hangedman_abyss_or_decor_lesser_grid,
          nicolae_trove_entry_columns, hellmonk_ghost_happy_afterlife
D:15:     gammafunk_depths_entry_grave, zin_angel, nicolae_lava_and_water,
          spider_trap, nicolae_ru_sacrificial_ziggurat
Temple:   minmay_crystal_snake_temple
Lair:1:   infiniplex_staircase_pool
Lair:2:   minmay_shoals_entry_centaurs, portal_ice_cave_rime,
          lemuel_fruit_fields
Lair:4:   spider_nest_entry_a
Lair:5:   slime_altar_2, nicolae_quartered_pool_super, serial_bayou_pond_e,
          chequers_serial_rivers_small_3, beast_lair_carwin_6, uniq_nessos
Lair:6:   hangedman_lair_tendril_chambers
Spider:1: uniq_louise, uniq_agnes
Spider:2: uniq_arachne
Spider:4: guppyfry_spider_rune
Orc:1:    bh_open_orc_temple
Orc:2:    pubby_orc_utopia, serial_shops, uniq_erolcha
Elf:1:    minmay_elf_arrival_plus, hangedman_corner_corridor, grunt_megastairs_3
Elf:2:    spider_trap, minmay_elf_sorcery, basic_stair_grate_trap, uniq_roxanne,
          uniq_azrael
Elf:3:    minmay_elf_hall_furrowed, serial_shops, shop
IceCv:    ice_cave_small_giant

Skill      XL: |  1  2  3  4  5  6  7  8  9 10 11 12 13 14 15 16 17 18 |
---------------+-------------------------------------------------------+-----
Polearms       | 4 5 6 7 8 10 12 14 16 17 18 19 20 | 20.2
Armour         | 1 2 3 4 5 6 8 10 11 13 15 16 17 18 19 20 | 20.3
Fighting       | 3 4 5 6 7 8 10 11 13 15 16 17 18 19 20 | 20.4
Invocations    | 4 7 8 |  8.1
Dodging        | 7 9 11 13 14 | 14.2
Throwing       | |  2.0

Action                   |  1- 3 |  4- 6 |  7- 9 | 10-12 | 13-15 | 16-18 || total
-------------------------+-------+-------+-------+-------+-------+-------++-------
Melee: Trident           |    94 |    87 |       |       |       |       ||   181
       Headbutt          |    10 |    22 |    48 |   127 |   250 |   250 ||   707
       Spear             |       |    74 |   250 |       |       |       ||   324
       Halberd           |       |       |    98 |   601 |  1261 |   184 ||  2144
       Unarmed           |       |       |       |     1 |       |       ||     1
       Hand axe          |       |       |       |    24 |    44 |       ||    68
       Glaive            |       |       |       |       |       |  1212 ||  1212
 Fire: Blowgun           |       |       |       |     8 |       |       ||     8
       Arbalest          |       |       |       |       |       |     8 ||     8
Throw: Stone             |    12 |    10 |       |       |       |       ||    22
       Throwing net      |       |     1 |     1 |     1 |       |       ||     3
Invok: Heroism           |       |       |     2 |     7 |    16 |    15 ||    40
       Finesse           |       |       |       |       |     2 |     3 ||     5
Evoke: Wand              |       |       |       |     8 |       |     7 ||    15
  Use: Scroll            |       |     3 |     2 |    13 |    24 |     6 ||    48
       Potion            |       |       |       |     2 |     1 |     8 ||    11
 Stab: Sleeping          |     1 |       |       |       |       |       ||     1
       Held in net/web   |       |       |     3 |     1 |       |       ||     4
       Distracted        |       |       |       |       |     1 |       ||     1
       Confused          |       |       |       |       |       |     2 ||     2
  Eat: Chunk             |     2 |     6 |     8 |    19 |    36 |    19 ||    90
       Ration            |       |     1 |     1 |     1 |     4 |    12 ||    19
Armor: Leather armour    |    14 |     3 |       |       |       |       ||    17
       Scale mail        |       |    21 |    20 |       |       |       ||    41
       Plate armour      |       |       |    65 |   334 |   527 |   819 ||  1745
       Chain mail        |       |       |     4 |       |       |       ||     4
Dodge: Dodged            |    38 |    60 |    71 |   283 |   512 |   796 ||  1760
       Deflected         |       |       |       |    15 |       |       ||    15
Block: Other             |       |     8 |    11 |    20 |       |       ||    39
       Reflection        |       |       |       |     2 |       |       ||     2

Table legend:
 A = Non-vault XP
 B = Vault XP
 C = Vault XP percentage of total XP
 D = Non-vault monster count
 E = Vault monster count
 F = Vault count percentage of total count
                 A         B        C        D         E       F
            +---------+---------+-------+---------+---------+-------
      Total |  184638 |  175433 |  48.7 |     816 |     434 |  34.7
            +---------+---------+-------+---------+---------+-------
        D:1 |      45 |       0 |   0.0 |      24 |       0 |   0.0
        D:2 |      46 |       0 |   0.0 |      13 |       0 |   0.0
        D:3 |     192 |       0 |   0.0 |      25 |       0 |   0.0
        D:4 |     535 |       0 |   0.0 |      28 |       0 |   0.0
        D:5 |    1051 |       0 |   0.0 |      22 |       0 |   0.0
        D:6 |    1007 |       0 |   0.0 |      23 |       0 |   0.0
        D:7 |    1467 |     165 |  10.1 |      24 |       1 |   4.0
        D:8 |    1114 |    1761 |  61.3 |      27 |       8 |  22.9
        D:9 |     569 |     381 |  40.1 |      10 |       4 |  28.6
       D:10 |    4213 |    3380 |  44.5 |      32 |       5 |  13.5
       D:11 |    7305 |    5424 |  42.6 |      37 |      35 |  48.6
       D:12 |    5318 |       0 |   0.0 |      41 |       0 |   0.0
       D:13 |    4293 |   10303 |  70.6 |      20 |      12 |  37.5
       D:14 |    4763 |    7353 |  60.7 |      22 |      14 |  38.9
       D:15 |   11721 |    4739 |  28.8 |      27 |       8 |  22.9
     Lair:1 |    4702 |       0 |   0.0 |      23 |       0 |   0.0
     Lair:2 |    5313 |     985 |  15.6 |      22 |       4 |  15.4
     Lair:3 |    4749 |       0 |   0.0 |      23 |       0 |   0.0
     Lair:4 |    4744 |     289 |   5.7 |      23 |       1 |   4.2
     Lair:5 |    7226 |    5227 |  42.0 |      25 |       9 |  26.5
     Lair:6 |    8122 |    9587 |  54.1 |      28 |      32 |  53.3
   Spider:1 |   20577 |    3609 |  14.9 |      67 |       2 |   2.9
   Spider:2 |   13575 |    3565 |  20.8 |      42 |       1 |   2.3
   Spider:3 |   21371 |    2369 |  10.0 |      63 |       3 |   4.5
   Spider:4 |   15291 |   22600 |  59.6 |      42 |      37 |  46.8
      Orc:1 |    3186 |     890 |  21.8 |      25 |       2 |   7.4
      Orc:2 |       0 |   24803 | 100.0 |       0 |     147 | 100.0
      Elf:1 |    4052 |    7832 |  65.9 |       6 |      13 |  68.4
      Elf:2 |   12441 |   37353 |  75.0 |      25 |      49 |  66.2
      Elf:3 |   15650 |   13523 |  46.4 |      27 |      11 |  28.9
      IceCv |       0 |    9295 | 100.0 |       0 |      36 | 100.0
            +---------+---------+-------+---------+---------+-------
